 Dungeon Crawl Stone Soup version 0.26-a0-778-g3fe0686644 (webtiles) character file.

Game seed: 4575405395186398670

434 rikardo the Conjurer (level 6, -6/41 HPs)
             Began as a Demonspawn Conjurer on Nov 9, 2020.
             Killed from afar by an orc (13 damage)
             ... with an iceblast
             ... on level 4 of the Dungeon.
             The game lasted 00:08:57 (4612 turns).

rikardo the Conjurer (Demonspawn Conjurer)          Turns: 4612, Time: 00:08:57

Health: -6/41      AC:  7    Str:  8    XL:     6   Next: 67%
Magic:  12/12      EV: 10    Int: 21    God:
Gold:   171        SH:  4    Dex: 11    Spells: 6/13 levels left

rFire    . . .     SeeInvis .   a - +2 whip (venom)
rCold    . . .     Faith    .   (no shield)
rNeg     . . .     Spirit   .   k - +0 ring mail
rPois    .         Reflect  .   f - +0 helmet
rElec    .         Harm     .   (no cloak)
rCorr    .         Rampage  .   (no gloves)
MR       .....                  l - +0 pair of boots
Stlth    +.........             (no amulet)
HPRegen  0.13/turn              (no ring)
MPRegen  0.13/turn              (no ring)

@: no status effects
A: large bone plates 1, powered by death 1
a: no special abilities


You were on level 4 of the Dungeon.
You visited 1 branch of the dungeon, and saw 4 of its levels.
You also visited: Sewer.

You collected 171 gold pieces.

Inventory:

Hand Weapons
 a - a +2 whip of venom (weapon)
Missiles
 g - 8 bolts
 n - 5 javelins (quivered)
 p - 30 arrows
Armour
 f - a +0 helmet (worn)
 k - a +0 ring mail (worn)
 l - a +0 pair of boots (worn)
Jewellery
 c - an uncursed amulet of regeneration {unknown}
Scrolls
 b - a scroll of noise {unknown}
 e - a scroll of identify
 h - a scroll of random uselessness
 i - a scroll of remove curse
 j - 3 scrolls of teleportation
 m - a scroll of enchant weapon {unknown}
Potions
 d - a potion of attraction {unknown}
 o - a potion of might {unknown}


   Skills:
 - Level 1.7 Dodging
 - Level 1.7 Stealth
 * Level 4.2 Spellcasting
 * Level 6.7 Conjurations
 * Level 1.3 Hexes


You had 6 spell levels left.
You knew the following spells:

 Your Spells              Type           Power        Failure   Level
a - Magic Dart            Conj           ####         2%          1
s - Searing Ray           Conj           ####..       3%          2
z - Fulminant Prism       Conj/Hex       ###.......   56%         4

Your spell library contained the following spells:

 Spells                   Type           Power        Failure   Level
 Dazzling Flash           Conj/Hex       ###...       22%         3
 Iskenderun's Mystic Bla  Conj/Tloc      ###.....     67%         4


Dungeon Overview and Level Annotations

Branches:
Dungeon (4/15)              Sewer (visited)
 Temple: D:4-7

Altars:
Nemelex Xobeh
Sif Muna


Innate Abilities, Weirdness & Mutations

You are partially covered in large bone plates. (SH +4)
You regenerate a little health from kills.


Message History

You see here 30 arrows.
p - 30 arrows
Found a sparkling altar of Nemelex Xobeh.
You see here a jackal corpse.
You now have 171 gold pieces (gained 7).
There are no items here.
An orc comes into view.
It is wielding a +0 club and carrying a wand of iceblast (7).
The orc shouts!
The orc zaps a wand.
The mass of ice explodes!
The iceblast engulfs you!
The orc zaps a wand.
The mass of ice explodes!
The iceblast engulfs you!
Casting: Searing Ray (safe; 3% risk of failure)
Confirm with . or Enter, or press ? or * to list all spells.
Okay, then.
Unknown command.
You start resting.
An orc is nearby!
The orc zaps a wand.
The mass of ice explodes!
The iceblast engulfs you!
* * * LOW HITPOINT WARNING * * *
The orc zaps a wand.
The mass of ice explodes!
The iceblast engulfs you!
You die...

#.. #... #... ### .###..##.###
#### ## ...........###
#..###.##
#..........###........
#........#..>.####
#........#........
<.......###@#......##...#..†
..>.......o.##......#.......
#........###..#........#... .
#.......#....#.##......... ..
#..........#...#......#### ...
#.........###..........# #...
#.........##...........###
#....##>.(...........#........#
#.............#.#......#...#.


You could see an orc.

Vanquished Creatures
  An ogre (D:4)
  A bullfrog (Sewer)
  A bullfrog zombie (D:2)
  4 adders
  4 gnolls (D:2)
  12 oozes
  16 leopard geckos
  20 giant cockroaches
  10 goblins
  4 hobgoblins (D:2)
  9 jackals
  A quokka (D:2)
  8 ball pythons (Sewer)
  5 bats (D:1)
  9 frilled lizards
  5 kobolds
  5 rats
115 creatures vanquished.

Notes
Turn   | Place    | Note
-------+----------+-------------------------------------------
     0 | D:1      | rikardo the Demonspawn Conjurer began the quest for the
                  | Orb.
     0 | D:1      | Reached XP level 1. HP: 13/13 MP: 3/3
   335 | D:1      | Gained mutation: You are partially covered in large bone
                  | plates. (SH +4) [demonic ancestry]
   335 | D:1      | Reached XP level 2. HP: 19/19 MP: 3/5
   430 | D:1      | Learned a level 2 spell: Searing Ray
  1177 | D:1      | Gained mutation: You regenerate a little health from kills.
                  | [demonic ancestry]
  1177 | D:1      | Reached XP level 3. HP: 24/24 MP: 4/6
  1654 | D:2      | Reached skill level 5 in Conjurations
  1698 | D:2      | Reached XP level 4. HP: 29/30 MP: 2/7
  2289 | D:2      | Reached XP level 5. HP: 35/35 MP: 5/9
  2458 | D:2      | Learned a level 4 spell: Fulminant Prism
  3048 | D:2      | Found a shimmering blue altar of Sif Muna.
  3190 | D:3      | Found a glowing drain.
  3194 | Sewer    | Entered a sewer
  3385 | Sewer    | Reached skill level 6 in Conjurations
  4251 | Sewer    | Reached skill level 1 in Hexes
  4251 | Sewer    | Reached XP level 6. HP: 26/41 MP: 4/11
  4455 | D:3      | You fall into a shaft and drop 1 floor!
  4571 | D:4      | Found a sparkling altar of Nemelex Xobeh.
  4612 | D:4      | Killed from afar by an orc

Illustrated notes

Levels and vault maps discovered:
D:1:      heliophobic_arrival_dark_side_of_the_moon, layout_rooms,
          minmay_tromino_v4_b
D:2:      minmay_roachtagon, layout_basic, lemuel_round_altar
D:3:      layout_rooms, lemuel_doored_altar, gup_sewer_entry_bowl
D:4:      cheibrodos_fertilizer, layout_cave_pools,
          lemuel_coloured_pillars_altar, nicolae_tso_besieged_by_evil

Skill      XL: |  1  2  3  4  5  6 |
---------------+-------------------+-----
Conjurations   | 5 6 |  6.7
Spellcasting   | 3 4 |  4.2
Hexes          | 1 |  1.3
Dodging        | |  1.7
Stealth        | |  1.7

Action                   |  1- 3 |  4- 6 || total
-------------------------+-------+-------++-------
Melee: Unarmed           |    10 |       ||    10
       Dagger            |    15 |       ||    15
       Whip              |     6 |   258 ||   264
 Cast: Magic Dart        |    39 |     8 ||    47
       Searing Ray       |     6 |    19 ||    25
  Use: Scroll            |       |     5 ||     5
       Potion            |       |     1 ||     1
Armor: Robe              |    19 |    20 ||    39
       Ring mail         |       |   127 ||   127
Dodge: Dodged            |    38 |   162 ||   200
Block: Other             |     8 |    56 ||    64

Table legend: (Time is in decaauts)
 A = Elapsed time spent in this place.
 B = Non-inter-level travel time spent in this place.
 C = Inter-level travel time spent in this place.
 D = Time resting spent in this place.
 E = Time spent auto-exploring this place.
 F = Levels seen in this place.
 G = Mean time per level.
                   A        B        C        D        E       F      G
               +--------+--------+--------+--------+--------+-----+--------+
         Total |   4702 |   4501 |    201 |   1863 |   1708 |   5 |  940.4 |
       Dungeon |   3425 |   3224 |    201 |   1318 |   1312 |   4 |  856.2 |
         Sewer |   1276 |   1276 |      0 |    545 |    396 |   1 | 1276.0 |
               +--------+--------+--------+--------+--------+-----+--------+

Top non-repeatable levels by time:
     D:1: 1705 daAuts
     D:2: 1437 daAuts
   Sewer: 1276 daAuts
     D:4: 158 daAuts
     D:3: 123 daAuts
